 Dungeon Crawl Stone Soup version 0.20-a0-494-gf50ee04 (webtiles) character file.

13 M4edhros the Sneak (level 2, -11/18 HPs)
             Began as an Octopode Artificer on Jan 17, 2017.
             Mangled by Cirk's ghost (14 damage)
             ... on level 3 of the Dungeon.
             The game lasted 00:00:26 (479 turns).

M4edhros the Sneak (Octopode Artificer)              Turns: 479, Time: 00:00:27

Health: -11/18     AC:  1    Str: 11    XL:     2   Next: 37%
Magic:  4/4        EV: 13    Int: 13    God:
Gold:   59         SH:  0    Dex: 12    Spells: 1/1 levels left

rFire    . . .     SeeInvis .   a - +0 short sword
rCold    . . .     Gourm    .   (no shield)
rNeg     . . .     Faith    .   (helmet restricted)
rPois    .         Spirit   .   (no amulet)
rElec    .         Reflect  .   (no ring)
rCorr    .         Harm     .   (no ring)
MR       .....                  (no ring)
Stlth    +++.......             (no ring)
Regen    0.1/turn               (no ring)
                                (no ring)
                                (no ring)
                                (no ring)

@: no status effects
A: almost no armour, stealthy swim, amphibious, 8 rings, constrict 8, camouflage
1, gelatinous body 1
a: no special abilities


You were on level 3 of the Dungeon.
You were not hungry.

You visited 1 branch of the dungeon, and saw 3 of its levels.

You collected 59 gold pieces.

Inventory:

Hand Weapons
 a - a +0 short sword (weapon)
Wands
 b - a wand of flame (12/48)
 c - a wand of enslavement (13/24)
 d - a wand of random effects (14/48)
Scrolls
 e - a scroll of enchant weapon {unknown}
Potions
 g - a potion of haste {unknown}
 h - a potion of agility {unknown}
Comestibles
 f - a bread ration


   Skills:
 - Level 1.0 Fighting
 - Level 1.0 Short Blades
 - Level 2.0 Dodging
 + Level 3.4 Stealth
 - Level 3.2 Evocations


You had one spell level left.
You didn't know any spells.

Dungeon Overview and Level Annotations

Branches:
Dungeon (3/15)

Altars:

Annotations:
D:3 Cirk's ghost, amateur BaFi


Innate Abilities, Weirdness & Mutations

You cannot wear most types of armour.
You are very stealthy in the water. (Stealth+)
You are amphibious.
You can wear up to eight rings at the same time.
You can use your tentacles to constrict eight enemies at once.
Your skin changes colour to match your surroundings (Stealth+).
Your rubbery body absorbs attacks. (AC +1, EV +1)


Message History

Cirk's ghost is lightly damaged.
This wand has 14 charges left.
The orc shouts!
The rat bites you but does no damage.
A bat comes into view.
Evoke which item? (* to show all) (? for menu, Esc to quit)
Aiming: Enslavement
Press: ? - help, Shift-Dir - straight line, f/p - Cirk's ghost
Aim: Cirk's ghost (lightly damaged, chance to defeat MR: 44%) Cirk's ghost resists with some effort.
This wand has 14 charges left.
The rat bites you.
* * * LOW HITPOINT WARNING * * *
Evoke which item? (* to show all) (? for menu, Esc to quit)
Aiming: Enslavement
Press: ? - help, Shift-Dir - straight line, f/p - Cirk's ghost
Aim: Cirk's ghost (lightly damaged, chance to defeat MR: 44%) Cirk's ghost resists with some effort.
This wand has 13 charges left.
The rat closely misses you. Cirk's ghost hits you!
Ouch! That really hurt!
You die...

### #...# #.#.# #
#.#.# #. # ##.#.## ..
# #.#..... .#...
##.##.#.######.....#
#.#...#..<..rW@rb.....
#...?......#####o#?#.#
##...#.#..# .. ##.
#.#..# .# .r#..# #
......# ##..##>#
#..##.. #.#####


You could see Cirk's ghost, an orc, a bat and 2 rats.

Vanquished Creatures
  A leopard gecko (D:1)
  A goblin (D:1)
  4 jackals (D:2)
  2 kobolds
  A frilled lizard (D:3)
  2 rats
11 creatures vanquished.

Notes
Turn   | Place    | Note
-------+----------+-------------------------------------------
     0 | D:1      | M4edhros the Octopode Artificer began the quest for the Orb.
     0 | D:1      | Reached XP level 1. HP: 13/13 MP: 3/3
   252 | D:2      | Reached XP level 2. HP: 18/18 MP: 4/4
   464 | D:3      | Noticed Cirk's ghost (amateur BaFi)
   479 | D:3      | Mangled by Cirk's ghost

Vault maps used:
D:1:      dpeg_arrival_solitude, serial_bayou_pond_d
D:2:      nicolae_overflow_hidden_temple, uniq_sigmund
D:3:      grunt_temple_overflow_opulence

Skill      XL: |  1  2 |
---------------+-------+-----
Stealth        | 2 3 |  3.4
Fighting       | |  1.0
Short Blades   | |  1.0
Dodging        | |  2.0
Evocations     | |  3.2

Action                   || total
-------------------------++-------
Melee: Short sword       ||    20
       Constrict         ||     3
       Tentacles         ||     2
Evoke: Wand              ||     6
 Stab: Sleeping          ||     4
Armor: Skin              ||     2
Dodge: Dodged            ||    18
